 Dungeon Crawl Stone Soup version 0.21-a0 (webtiles) character file.

42 Blackbelt the Cudgeler (level 3, -4/27 HPs)
             Began as a Demonspawn Gladiator on May 20, 2017.
             Slain by an ogre
             ... wielding a cursed +0 giant spiked club
              (20 damage)
             ... on level 5 of the Dungeon.
             The game lasted 00:05:14 (1539 turns).

Blackbelt the Cudgeler (Demonspawn Gladiator)       Turns: 1539, Time: 00:05:15

Health: -4/27      AC:  4    Str: 14    XL:     3   Next: 33%
Magic:  3/3        EV: 12    Int:  9    God:
Gold:   73         SH:  0    Dex: 15    Spells: 2/2 levels left

rFire    . . .     SeeInvis .   k - +0 mace (protect)
rCold    . . .     Gourm    .   (no shield)
rNeg     . . .     Faith    .   b - +0 leather armour
rPois    .         Spirit   .   (helmet restricted)
rElec    .         Reflect  .   (no cloak)
rCorr    .         Harm     .   (no gloves)
MR       .....                  t - +0 pair of boots
Stlth    ++........             (no amulet)
Regen    0.1/turn               (no ring)
MPRegen  0.1/turn               (no ring)

@: no status effects
A: antennae 1, nightstalker 1
a: no special abilities


You were on level 5 of the Dungeon.
You were not hungry.

You visited 1 branch of the dungeon, and saw 5 of its levels.

You collected 73 gold pieces.

Inventory:

Hand Weapons
 a - a +0 flail
 k - a +0 mace of protection (weapon)
Missiles
 d - 3 throwing nets (quivered)
Armour
 b - a +0 leather armour (worn)
 c - a +0 helmet
 t - a +0 pair of boots (worn)
Wands
 s - a wand of paralysis (13/24)
Scrolls
 j - 4 scrolls of remove curse
 l - 2 scrolls of amnesia
Potions
 h - a potion of invisibility
 i - a potion of haste {unknown}
 q - a potion of heal wounds {unknown}
 r - 2 potions of agility {unknown}
 u - a potion of brilliance {unknown}
Books
 v - a book of Cantrips

   Spells                             Type                      Level
   a - Confusing Touch                Hexes                        1
   b - Animate Skeleton               Necromancy                   1
   c - Summon Small Mammal            Summoning                    1
   d - Apportation                    Translocation                1
Comestibles
 f - 2 bread rations
 n - a meat ration
 p - a royal jelly


   Skills:
 - Level 2.0 Fighting
 + Level 4.0 Maces & Flails
 - Level 1.7 Throwing
 - Level 2.6 Dodging


You had 2 spell levels left.
You didn't know any spells.

Dungeon Overview and Level Annotations

Branches:
Dungeon (6/15)             Temple (0/1) D:6

Altars:
Okawaru


Innate Abilities, Weirdness & Mutations

You have a pair of small antennae on your head.
You are slightly more attuned to the shadows.


Message History

There is a stone staircase leading down here.
An ogre comes into view. It is wielding a giant club.
The adder hisses angrily.
The ooze hits you but does no damage.
The ogre shouts!
The ogre shouts!
The ogre closely misses you.
Found a short sword.
An iguana comes into view.
The iguana hisses angrily.
Found a stone staircase leading down.
The iguana bites you!
A hound comes into view.
Found a stone staircase leading up.
The hound barks!
There is a stone staircase leading up here.
The hound misses you.
The ogre hits you with a giant spiked club!!
Ouch! That really hurt!
You die...

....#.. ...... .
#...###..... .#
..######....>.... ...
###....#...#....S..
.......###...Y...#.....
#..##.................
###.....)........#(....
.....h###..............
#.@##JO...........#
#####O#{...###..###
......S.{..........
#......l....###.##.
#..........##
...........>.
#.........####
#.........# ..........


You could see an ogre, an iguana, a hound and an adder.

Vanquished Creatures
  An adder (D:2)
  An ooze (D:1)
  2 leopard geckos (D:1)
  5 bats
  A giant cockroach (D:1)
  5 goblins (D:1)
  2 hobgoblins (D:1)
  2 kobolds
  4 frilled lizards
  A rat (D:1)
24 creatures vanquished.

Notes
Turn   | Place    | Note
-------+----------+-------------------------------------------
     0 | D:1      | Blackbelt the Demonspawn Gladiator began the quest for the Orb.
     0 | D:1      | Reached XP level 1. HP: 16/16 MP: 1/1
     2 | D:1      | Noticed a vampire
     2 | D:1      | Noticed a minotaur
     4 | D:1      | Noticed an octopode
     4 | D:1      | Noticed a formicid
     6 | D:1      | Noticed a gargoyle
     6 | D:1      | Noticed a halfling
     8 | D:1      | Noticed a draconian
     8 | D:1      | Noticed an ogre
    10 | D:1      | Noticed a vine stalker
    10 | D:1      | Noticed a centaur
    14 | D:1      | Noticed a ghoul
    16 | D:1      | Noticed a spriggan
    18 | D:1      | Noticed an elf
    18 | D:1      | Noticed a tengu
    20 | D:1      | Noticed a dwarf
    20 | D:1      | Noticed a demigod
    22 | D:1      | Noticed a human
    22 | D:1      | Noticed a merfolk
    24 | D:1      | Noticed a naga
    24 | D:1      | Noticed a felid
    26 | D:1      | Noticed a demonspawn
    26 | D:1      | Noticed a troll
    55 | D:1      | Reached skill level 3 in Maces & Flails
   136 | D:1      | Found an iron altar of Okawaru.
   142 | D:1      | Gained mutation: You have a pair of small antennae on your head. [demonic ancestry]
   142 | D:1      | Reached XP level 2. HP: 19/22 MP: 2/2
   950 | D:2      | Gained mutation: You are slightly more attuned to the shadows. [demonic ancestry]
   950 | D:2      | Reached XP level 3. HP: 27/27 MP: 3/3
  1187 | D:2      | Reached skill level 4 in Maces & Flails
  1342 | D:3      | You fall through a shaft for 3 floors!
  1478 | D:6      | Found a staircase to the Ecumenical Temple.
  1485 | D:6      | Noticed a bullfrog
  1525 | D:5      | Entered Level 5 of the Dungeon
  1525 | D:5      | Noticed an ice beast
  1525 | D:5      | Noticed an ogre
  1526 | D:5      | Noticed an ogre
  1539 | D:5      | Slain by an ogre

Vault maps used:
D:1:      kb_arrival_jail, serial_forest, infiniplex_forest_clump_curved,
          infiniplex_forest_straight_4, infiniplex_forest_end_3,
          infiniplex_forest_corner_1, okawaru_ov_weapons_minmay
D:2:      first_bread, eino_tiny_chamber
D:3:      tso_oasis_becter, chequers_ecumenical_altar_twisty,
          nicolae_qazlal_general_emergency
D:5:      kennysheep_little_box, nicolae_ossuary_entry_monument, basic_altar,
          nemelex_dance_club_becter
D:6:      minmay_temple_entry_purple_smoke

Skill      XL: |  1  2  3 |
---------------+----------+-----
Maces & Flails | 3 4 |  4.0
Fighting       | |  2.0
Throwing       | |  1.7
Dodging        | |  2.6

Action                   || total
-------------------------++-------
Melee: Flail             ||    29
       Mace              ||    59
  Use: Scroll            ||     7
 Stab: Sleeping          ||     3
  Eat: Chunk             ||     2
Armor: Leather armour    ||    38
Dodge: Dodged            ||    83
